 Dungeon Sprint DCSS version 0.26-a0-662-g8b9c6dab81 (webtiles) character file.

Game seed: 14932255388759232740

1200000 olmar the Grand Master (level 15, -35/100 HPs)
             Began as a Demonspawn Transmuter on Oct 10, 2020.
             Was a Believer of Makhleb.
             Annihilated by a meat berserker
             ... wielding a +9 battleaxe
              (62 damage)
             ... in the Dungeon (Sprint VIII: "Arena of Blood").
             The game lasted 00:00:26 (12 turns).

olmar the Grand Master (Demonspawn Transmuter)        Turns: 12, Time: 00:00:27

Health: -35/100    AC:  5    Str: 13    XL:     15   Next: 95%
Magic:  22/37      EV: 26    Int: 14    God:    Makhleb [**....]
Gold:   0          SH:  0    Dex: 18    Spells: 50/51 levels left

rFire    . . .     SeeInvis .   b - +∞ Axe of Woe
rCold    . . .     Faith    .   (shield currently unavailable)
rNeg     . . .     Spirit   .   a - +0 robe
rPois    .         Reflect  .   (no helmet)
rElec    .         Harm     .   (no cloak)
rCorr    .         Rampage  .   (gloves unavailable)
MR       +....     NoTele   +   (no boots)
Stlth    ++........             (no amulet)
HPRegen  0.26/turn              (no ring)
MPRegen  0.25/turn              (no ring)

@: no status effects
A: claws 3, demonic guardian 2, powered by pain 1, augmentation 1, sharp scales
3
a: Minor Destruction, Renounce Religion


You were in the Dungeon.
You worshipped Makhleb.
Makhleb was pleased with you.
You visited 1 branch

Inventory:

Hand Weapons
 b - the +∞ Axe of Woe (weapon)
   (You found it in the Dungeon)
Armour
 a - a +0 robe (worn)
Scrolls
 h - a scroll of blinking
Potions
 c - a potion of curing
 d - a potion of heal wounds
 e - a potion of haste
 f - 2 potions of magic
 g - a potion of berserk rage


   Skills:
 + Level 3.8 Fighting
 + Level 11.8 Axes
 + Level 17.1 Dodging
 O Level 27 Unarmed Combat
 + Level 18.9 Spellcasting
 + Level 16.8 Transmutations


You had 50 spell levels left.
You knew the following spells:

 Your Spells              Type           Power        Failure   Level
a - Beastly Appendage     Tmut           ######       0%          1

Your spell library contained the following spells:

 Spells                   Type           Power        Failure   Level
 Wereblood                Tmut           ######..     0%          2
 Spider Form              Tmut/Pois      #####.....   1%          3
 Ice Form                 Ice/Tmut       #####...     1%          4
 Blade Hands              Tmut           ######....   1%          5


Dungeon Overview and Level Annotations

Branches:
Dungeon (1/1)

Altars:
Makhleb


Innate Abilities, Weirdness & Mutations

You have claws for hands.
A demonic guardian rushes to your aid.
You sometimes gain a little power by taking damage.
Your magical and physical power is slightly enhanced at high health.
You are completely covered in razor-sharp scales. (AC +3, Slay +3)


Message History

You hear a shout! x3
The meat berserker completely misses you.
A bag of meat comes into view. It is wielding a +9 war axe.
You hear a shout!
The meat berserker rages. x2
You hear a shout!
A bag of meat comes into view. It is wielding a +9 war axe.
The meat berserker completely misses you.
A bag of meat comes into view.
It is wielding a +9 war axe. x3 2 orcs come into view.
The bag of meat appears out of thin air!
A bag of meat comes into view. It is wielding a +9 war axe.
The bag of meat shouts! x5; You hear a shout!
The meat berserker hits you with a +9 battleaxe!!!
* * * LOW HITPOINT WARNING * * *
You focus on the pain.
You feel your power returning.
You hear a shout!
The meat berserker hits you with a +9 battleaxe!!!
Ouch! That really hurt!
You die...

......oo.#.#...
......ooo...o..
......o.o...o..
#........o.....
...............
....o........
#.......#
#.O@....# .
...###.oO....###..
........###o......
#.....)O._........
......#..O..#....
......#_.<._# ...
......#.....# .
#.....oO._.....
........###......


You could see 4 meat berserkers and 14 bags of meat.

Vanquished Creatures
  3 ogres (D)
  2 orcs (D)
5 creatures vanquished.

Notes
Turn   | Place    | Note
-------+----------+-------------------------------------------
     0 | D        | Found the +∞ Axe of Woe
     0 | D        | olmar the Demonspawn Transmuter began the quest for the
                  | Orb.
     0 | D        | Reached XP level 1. HP: 15/15 MP: 3/3
     1 | D        | Noticed a bag of meat
     2 | D        | Noticed a meat berserker
     3 | D        | Became a worshipper of Makhleb the Destroyer
     5 | D        | Noticed a meat berserker
     6 | D        | Killed a meat berserker
     6 | D        | Reached skill level 5 in Axes
     6 | D        | Reached skill level 21 in Unarmed Combat
     6 | D        | Gained mutation: You sometimes gain a little power by
                  | taking damage. [demonic ancestry]
     6 | D        | Reached XP level 2. HP: 21/21 MP: 3/16
     6 | D        | Gained mutation: A weak demonic guardian rushes to your
                  | aid. [demonic ancestry]
     6 | D        | Reached XP level 3. HP: 26/26 MP: 3/18
     6 | D        | Gained mutation: You have sharp fingernails. [demonic
                  | ancestry]
     6 | D        | Reached XP level 4. HP: 32/32 MP: 3/19
     6 | D        | Gained mutation: You are partially covered in razor-sharp
                  | scales. (AC +1, Slay +1) [demonic ancestry]
     6 | D        | Reached XP level 5. HP: 37/37 MP: 3/21
     6 | D        | Gained mutation: A demonic guardian rushes to your aid.
                  | [demonic ancestry]
     6 | D        | Reached XP level 6. HP: 43/43 MP: 3/22
     6 | D        | Gained mutation: You are mostly covered in razor-sharp
                  | scales. (AC +2, Slay +2) [demonic ancestry]
     6 | D        | Reached XP level 7. HP: 48/48 MP: 3/24
     6 | D        | Gained mutation: You have very sharp fingernails. [demonic
                  | ancestry]
     6 | D        | Reached XP level 8. HP: 54/54 MP: 3/25
     6 | D        | Reached XP level 9. HP: 59/59 MP: 3/26
     6 | D        | Reached XP level 10. HP: 65/65 MP: 3/27
     6 | D        | Reached XP level 11. HP: 70/70 MP: 3/28
     6 | D        | Gained mutation: You have claws for hands. [demonic
                  | ancestry]
     6 | D        | Reached XP level 12. HP: 76/76 MP: 3/29
     6 | D        | Gained mutation: Your magical and physical power is
                  | slightly enhanced at high health. [demonic ancestry]
     6 | D        | Reached XP level 13. HP: 81/81 MP: 3/30
     6 | D        | Noticed a bag of meat
     6 | D        | Noticed a meat berserker
     7 | D        | Noticed a bag of meat
     8 | D        | Killed a meat berserker
     8 | D        | Reached * piety under Makhleb
     8 | D        | Reached skill level 24 in Unarmed Combat
     8 | D        | Reached skill level 15 in Spellcasting
     8 | D        | Gained mutation: You are completely covered in razor-sharp
                  | scales. (AC +3, Slay +3) [demonic ancestry]
     8 | D        | Reached XP level 14. HP: 88/88 MP: 3/33
     8 | D        | Killed a bag of meat
     8 | D        | Reached skill level 25 in Unarmed Combat
     8 | D        | Noticed a meat berserker
     8 | D        | Noticed a meat berserker
     8 | D        | Noticed a bag of meat
     8 | D        | Noticed a meat berserker
     9 | D        | Killed a meat berserker
     9 | D        | Reached skill level 10 in Axes
     9 | D        | Reached skill level 27 in Unarmed Combat
     9 | D        | Reached skill level 15 in Transmutations
     9 | D        | Reached XP level 15. HP: 97/97 MP: 4/37
    10 | D        | Noticed a meat berserker
    11 | D        | Reached ** piety under Makhleb
    11 | D        | Noticed a meat berserker
    12 | D        | Annihilated by a meat berserker

Illustrated notes

Levels and vault maps discovered:
D:        meatsprint

Skill      XL: |  1  2  3  4  5  6  7  8  9 10 11 12 13 14 15 |
---------------+----------------------------------------------+-----
Axes           | 5 7 10 11 | 11.8
Dodging        | 12 14 16 17 | 17.1
Unarmed Combat | 21 24 27 | 27.0
Spellcasting   | 13 15 18 | 18.9
Transmutations | 11 13 15 16 | 16.8
Fighting       | 2 3 |  3.8

Action                   |  1- 3 |  4- 6 |  7- 9 | 10-12 | 13-15 || total
-------------------------+-------+-------+-------+-------+-------++-------
Melee: Executioner's axe |     1 |       |       |       |     3 ||     4
Dodge: Dodged            |       |       |       |       |     3 ||     3

Table legend: (Time is in decaauts)
 A = Elapsed time spent in this place.
 B = Non-inter-level travel time spent in this place.
 C = Inter-level travel time spent in this place.
 D = Time resting spent in this place.
 E = Time spent auto-exploring this place.
 F = Levels seen in this place.
 G = Mean time per level.
                   A        B        C        D        E       F      G
               +--------+--------+--------+--------+--------+-----+--------+
         Total |     14 |     14 |      0 |      0 |      0 |   1 |   14.0 |
       Dungeon |     14 |     14 |      0 |      0 |      0 |   1 |   14.0 |
               +--------+--------+--------+--------+--------+-----+--------+

Top non-repeatable levels by time:
       D: 14 daAuts
